 Dungeon Crawl Stone Soup version 0.29-a0-39-g581ba40fa7 (webtiles) character file.

Game seed: 5157558783598751203

79 JitterGlitch the Grave Robber (level 4, -2/30 HPs)
             Began as a Demonspawn Necromancer on Feb 1, 2022.
             Was a Believer of Vehumet.
             Slain by an ogre (14 damage)
             ... on level 3 of the Dungeon.
             The game lasted 00:26:07 (2554 turns).

JitterGlitch the Grave Robber (DsNe)                Turns: 2554, Time: 00:26:07

Health: -2/30      AC:  5    Str:  8    XL:     4   Next: 16%
Magic:  4/7        EV: 14    Int: 18    God:    Vehumet [**....]
Gold:   91         SH:  0    Dex: 14    Spells: 4/8 levels left

rFire   . . .      SeeInvis .   r - +0 war axe
rCold   . . .      Faith    .   (no shield)
rNeg    . . .      Spirit   .   g - +0 ring mail
rPois   .          Reflect  .   (no helmet)
rElec   .          Harm     .   (no cloak)
rCorr   .          Rampage  .   (no gloves)
Will    .....                   (no boots)
Stlth   +.........              (no amulet)
HPRegen 0.10/turn               n - +4 ring of evasion
MPRegen 0.10/turn               (no ring)

@: no status effects
A: foul stench 1, demonic touch 2
a: Renounce Religion


You were on level 3 of the Dungeon.
You worshipped Vehumet.
Vehumet was pleased with you.
You visited 1 branch of the dungeon, and saw 3 of its levels.

You collected 91 gold pieces.

Inventory:

Hand Weapons
 b - a +0 dagger
 h - a +0 club
 i - a +0 club
 l - a +0 club
 p - a +0 dagger
 r - a +0 war axe (weapon)
 s - a +0 mace
 t - a +0 rapier
 v - a +0 dagger
 w - a +0 hand axe
Missiles
 d - 13 poisoned darts
 j - 49 stones
Armour
 a - a +0 robe
 c - a +0 robe
 g - a +0 ring mail (worn)
 u - a +0 robe
Jewellery
 n - a +4 ring of evasion (left hand)
Scrolls
 x - a scroll of identify {unknown}
 y - a scroll of teleportation {unknown}
Potions
 e - 2 potions of heal wounds {unknown}
 f - a potion of cancellation {unknown}
 k - a potion of flight {unknown}
 m - a potion of attraction {unknown}
 o - a potion of curing {unknown}
 q - a potion of might {unknown}


   Skills:
 + Level 0.1 Fighting
 + Level 0.5(0.6) Axes
 + Level 0.2(0.5) Maces & Flails
 + Level 0.8 Armour
 + Level 1.7 Dodging
 + Level 1.9 Stealth
 + Level 2.6 Spellcasting
 + Level 5.4 Necromancy


You had 4 spell levels left.
You knew the following spells:

 Your Spells              Type           Power      Damage    Failure   Level
a - Pain                  Necr           84%        1d8       6%          1
b - Animate Skeleton      Necr           42%        N/A       6%          1
c - Sandblast             Erth           4%         2d4       47%         1
d - Freeze                Ice            8%         1d3       47%         1

Your spell library contained the following spells:

 Spells                   Type           Power      Damage    Failure   Level
 Vampiric Draining        Necr           21%        2d7       17%         3
 Foxfire                  Conj/Fire      8%         2x1d4     47%         1
 Animate Dead             Necr           10%        N/A       50%         4
 Conjure Flame            Conj/Fire      2%         6-21      85%         3
 Inner Flame              Hex/Fire       2%         N/A       85%         3
 Ozocubu's Armour         Ice            2%         N/A       85%         3
 Flame Wave               Conj/Fire      2%         2d4       99%         4
 Sticky Flame             Conj/Fire      2%         2d3       99%         4
 Agony                    Necr           21%        N/A       85%         5
 Simulacrum               Ice/Necr       6%         N/A       100%        6


Dungeon Overview and Level Annotations

Branches:
Dungeon (3/15)

Altars:
Elyvilon
Vehumet

Portals:
Abyss: D:3


Innate Abilities, Weirdness & Mutations

You may rarely emit foul miasma when damaged in melee.
Your touch may inflict irresistible damage on your foes.


Message History

Aiming: Pain (safe; 6% risk of failure)
Press: ? - help, Shift-Dir - straight line, f - goblin
Aim: a goblin, wielding a +0 dagger (chance to affect: 90%)
The goblin writhes in agony!
You kill the goblin!
Vehumet accepts your kill.
An ogre comes into view. It is wielding a +0 giant club.
Casting: Pain (safe; 6% risk of failure)
Confirm with . or Enter, or press ? or * to list all spells.
Aiming: Pain (safe; 6% risk of failure)
Press: ? - help, Shift-Dir - straight line, f - ogre
Aim: an ogre, wielding a +0 giant club (chance to affect: 80%)
The ogre writhes in agony.
Casting: Pain (safe; 6% risk of failure)
Confirm with . or Enter, or press ? or * to list all spells.
Aiming: Pain (safe; 6% risk of failure)
Press: ? - help, Shift-Dir - straight line, f/p - ogre
Aim: an ogre, wielding a +0 giant club (lightly wounded, chance to affect: 80%)
The ogre writhes in agony!
Okay, then.
Casting: Pain (safe; 6% risk of failure)
Confirm with . or Enter, or press ? or * to list all spells.
Aiming: Pain (safe; 6% risk of failure)
Press: ? - help, Shift-Dir - straight line, f/p - ogre
Aim: an ogre, wielding a +0 giant club (moderately wounded, chance to affect: 80%)
The ogre barely resists.
The ogre barely misses you.
You hit the ogre but do no damage. Your touch misses the ogre.
The ogre is moderately wounded.
The ogre barely misses you.
You hit the ogre.
You touch the ogre.
The ogre is severely wounded.
The ogre hits you with a +0 giant club!
Ouch! That really hurt!
You barely miss the ogre.
The ogre is severely wounded.
The ogre closely misses you.
You barely miss the ogre.
The ogre is severely wounded.
The ogre hits you with a +0 giant club!
You die...

#. ## #. . .# #. . .#.#
#∩ .. ... ###.§ .. #.###
.....# ##.#.####...#
...#.. .....)....#
...... .....##O..# ..#..
##. ##.#@### ......
##.#.##†## #..##.
##.#.##.#.## #.....
##.#.##.#.#.## #....
##.#.##.#.#.#.## #..##
##.#.##.#.###.#.## #.>
##.#.##.#.##.##.#.## ##
##.#.##.#.##.#.##.#.##
##.#.##.#†##.#.#.##.#.##


You could see an ogre.

Vanquished Creatures
  3 adders
  An orc (D:3)
  2 endoplasms
  A giant cockroach (D:1)
  6 hobgoblins
  7 jackals (D:2)
  4 kobolds
  2 quokkas (D:1)
  2 ball pythons
  4 bats (D:1)
  2 frilled lizards
  8 goblins
  3 rats (D:1)
45 creatures vanquished.

Vanquished Creatures (collateral kills)
  A jackal (D:2)
1 creature vanquished.

Vanquished Creatures (others)
  A lurking horror (D:3)
1 creature vanquished.

Grand Total: 47 creatures vanquished

Notes
Turn   | Place    | Note
-------+----------+-------------------------------------------
     0 | D:1      | JitterGlitch the Demonspawn Necromancer began the quest for
                  | the Orb.
     0 | D:1      | Reached XP level 1. HP: 13/13 MP: 3/3
   326 | D:1      | Found a faded altar of an unknown god.
   329 | D:1      | Prayed at the altar of an unknown god.
   329 | D:1      | Became a worshipper of Vehumet
   329 | D:1      | Reached * piety under Vehumet
   329 | D:1      | Offered knowledge of Sandblast by Vehumet.
   409 | D:1      | Gained mutation: You may rarely emit foul miasma when
                  | damaged in melee. [demonic ancestry]
   409 | D:1      | Reached XP level 2. HP: 18/19 MP: 3/5
  1013 | D:2      | Gained mutation: Your touch may inflict minor irresistible
                  | damage on your foes. [demonic ancestry]
  1013 | D:2      | Reached XP level 3. HP: 21/24 MP: 2/6
  1065 | D:2      | Reached skill level 5 in Necromancy
  1068 | D:2      | Learned a level 1 spell: Animate Skeleton
  1070 | D:2      | Learned a level 1 spell: Sandblast
  1114 | D:2      | Offered knowledge of Freeze by Vehumet.
  1335 | D:2      | Reached ** piety under Vehumet
  1980 | D:3      | Learned a level 1 spell: Freeze
  2005 | D:3      | Found a one-way gate to the infinite horrors of the Abyss.
  2378 | D:3      | Gained mutation: Your touch may inflict irresistible damage
                  | on your foes. [demonic ancestry]
  2378 | D:3      | Reached XP level 4. HP: 19/30 MP: 4/7
  2506 | D:3      | Got Xibbuwnap's Guide on Congealing Conjuration
  2545 | D:3      | Noticed an ogre
  2554 | D:3      | Slain by an ogre

Illustrated notes

Levels and vault maps discovered:
D:1:      lightli_arrival_statue_moat, layout_rooms,
          hellmonk_ecumenical_altar_inner_sanctum, minmay_misc_feat_nine_boxes,
          minmay_heptomino_d4
D:2:      layout_loops_ring, basic_altar, minmay_crystal_water
D:3:      minmay_inner_zag, layout_basic, serial_shops, shop,
          minmay_door_square, amcnicky_altar_lugonu_corruption, uniq_terence

Skill      XL: |  1  2  3 |
---------------+----------+-----
Necromancy     | 5 |  5.4
Fighting       | |  0.1
Axes           | |  0.5
Maces & Flails | |  0.2
Armour         | |  0.8
Dodging        | |  1.7
Stealth        | |  1.9
Spellcasting   | |  2.6

Action                   |  1- 3 |  4- 6 || total
-------------------------+-------+-------++-------
Melee: Club              |     5 |       ||     5
       Dagger            |     1 |       ||     1
       War axe           |    23 |     4 ||    27
       Touch             |     6 |     1 ||     7
 Cast: Pain              |    58 |     6 ||    64
       Animate Skeleton  |     4 |       ||     4
  Use: Scroll            |     2 |       ||     2
Armor: Ring mail         |    12 |       ||    12
Dodge: Dodged            |    26 |     4 ||    30

Table legend: (Time is in decaauts)
 A = Elapsed time spent in this place.
 B = Non-inter-level travel time spent in this place.
 C = Inter-level travel time spent in this place.
 D = Time resting spent in this place.
 E = Time spent auto-exploring this place.
 F = Levels seen in this place.
 G = Mean time per level.
                   A        B        C        D        E       F      G
               +--------+--------+--------+--------+--------+-----+--------+
         Total |   2566 |   1071 |   1495 |    754 |      0 |   3 |  855.3 |
       Dungeon |   2566 |   1071 |   1495 |    754 |      0 |   3 |  855.3 |
               +--------+--------+--------+--------+--------+-----+--------+

Top non-repeatable levels by time:
     D:1: 1004 daAuts
     D:2: 930 daAuts
     D:3: 631 daAuts
